 Dungeon Crawl Stone Soup version 0.28.0-45-g0d030f2227 (webtiles) character file.

Game seed: 4274876607284856974

11583 MalarOregon the Fighter (level 11, 0/98 HPs)
             Began as a Palentonga Fighter on Apr 19, 2022.
             Was a Priest of the Shining One.
             Slain by a centaur warrior (2 damage)
             ... while petrified by a basilisk
             ... on level 10 of the Dungeon.
             The game lasted 00:18:28 (11917 turns).

MalarOregon the Fighter (Palentonga Fighter)       Turns: 11917, Time: 00:18:28

Health: 0/98       AC: 26    Str: 24    XL:     11   Next: 51%
Magic:  11/11      EV:  1    Int:  8    God:    the Shining One [***...]
Gold:   271        SH:  0    Dex: 10    Spells: 10/10 levels left

rFire   . . .      SeeInvis +   b - +0 hand axe (venom)
rCold   . . .      Faith    .   c - +0 buckler
rNeg    + + +      Spirit   .   v - +0 plate armour
rPois   ∞          Reflect  .   (no helmet)
rElec   .          Harm     .   p - +2 cloak
rCorr   .          Rampage  .   (no gloves)
Will    .....                   (no barding)
Stlth   ..........              r - amulet of the acrobat
HPRegen 0.26/turn               l - +4 ring of protection
MPRegen 0.12/turn               z - +4 ring of evasion

@: petrified, glowing, curled up
A: large, rugged brown scales 3, see invisible, deformed body, roll 1, armoured
tail, reflexive curl
a: Rolling Charge, Renounce Religion, Divine Shield, Cleansing Flame


You were on level 10 of the Dungeon.
You worshipped the Shining One.
The Shining One was most pleased with you.
You visited 2 branches of the dungeon, and saw 11 of its levels.
You also visited: Bailey.

You collected 491 gold pieces.
You spent 220 gold pieces at shops.


Innate Abilities, Weirdness & Mutations

You are completely covered in rugged brown scales. (AC +3, +7% HP)
You have supernaturally acute eyesight. (SInv)
Armour fits poorly on your strangely shaped body.
You can roll at nearby foes to attack.
You have a long armoured tail.
You curl defensively after being hit. (AC +7*)


   Skills:
 + Level 10.7 Fighting
 + Level 10.5 Maces & Flails
 + Level 9.0 Armour
 - Level 5.0 Shields


You had 10 spell levels left.
You didn't know any spells.
Your spell library contained the following spells:

 Spells                   Type           Power      Damage    Failure   Level
 Animate Skeleton         Necr           0%         N/A       99%         1
 Apportation              Tloc           0%         N/A       99%         1
 Pain                     Necr           0%         1d4       99%         1
 Static Discharge         Conj/Air       0%         N/A       100%        2
 Conjure Flame            Conj/Fire      0%         6-21      100%        3
 Ignite Poison            Fire/Tmut/Pois 0%         N/A       100%        3
 Ozocubu's Armour         Ice            0%         N/A       100%        3
 Vampiric Draining        Necr           0%         2d6       100%        3
 Sticky Flame             Conj/Fire      0%         2d3       100%        4
 Summon Lightning Spire   Summ/Air       0%         N/A       100%        4
 Alistair's Intoxication  Tmut/Pois      0%         N/A       100%        5
 Lightning Bolt           Conj/Air       0%         1d11      100%        5
 Metabolic Englaciation   Hex/Ice        0%         N/A       100%        5
 Simulacrum               Ice/Necr       0%         N/A       100%        6
 Storm Form               Tmut/Air       0%         N/A       100%        7
 Maxwell's Capacitive Co  Air            0%         ∞         100%        8

Inventory:

Hand Weapons
 a - a +0 broad axe
   (You took it off a vault guard in a bailey)
 b - a +0 hand axe of venom (weapon)
   (You found it on level 8 of the Dungeon)
 F - the +4 quarterstaff "Efrofak" {vorpal, +Blink Will+ Dex-4}
   (You found it on level 4 of the Dungeon)

   It inflicts extra damage upon your enemies.
   Dex:       It affects your dexterity (-4).
   +Blink:    It lets you blink.
   Will:      It increases your willpower.
Missiles
 n - 10 curare-tipped darts {!f}
 B - 36 poisoned darts (quivered)
 T - a throwing net {!f}
Armour
 c - a +0 buckler (worn)
 p - a +2 cloak (worn)
   (You took it off Crazy Yiuf on level 2 of the Dungeon)
 v - a +0 plate armour (worn)
   (You found it on level 3 of the Dungeon)
 C - a +0 scale mail
Jewellery
 g - a ring of ice
   (You took it off an orc wizard on level 6 of the Dungeon)
 k - a ring of flight
   (You found it on level 2 of the Dungeon)
 l - a +4 ring of protection (left hand)
   (You found it on level 2 of the Dungeon)
 r - an amulet of the acrobat (around neck)
   (You took it off Sigmund on level 2 of the Dungeon)
 z - a +4 ring of evasion (right hand)
   (You found it on level 8 of the Dungeon)
 N - a ring of wizardry
   (You found it on level 7 of the Dungeon)
Wands
 s - a wand of polymorph (23)
   (You took it off Crazy Yiuf on level 2 of the Dungeon)
 u - a wand of paralysis (14)
   (You found it on level 8 of the Dungeon)
 x - a wand of acid (2)
   (You found it on level 7 of the Dungeon)
Scrolls
 e - a scroll of acquirement {unknown}
 i - 3 scrolls of magic mapping
 j - 3 scrolls of fear
 m - 4 scrolls of noise {unknown}
 o - 2 scrolls of enchant weapon {unknown}
 q - 2 scrolls of immolation {unknown}
 y - a scroll of fog {unknown}
 D - 4 scrolls of brand weapon {unknown}
 H - a scroll of enchant armour {unknown}
 I - a scroll of amnesia {unknown}
 J - a scroll of blinking {unknown}
 K - 2 scrolls of torment {unknown}
 O - 4 scrolls of identify {@r1}
Potions
 d - 5 potions of might
 f - a potion of brilliance
 h - 4 potions of lignification {!q}
 t - a potion of flight
 w - 6 potions of heal wounds {@q2}
 A - a potion of mutation {!q}
 E - 2 potions of curing {@q1}
 G - 7 potions of haste {@q3}
 L - a potion of ambrosia
 M - a potion of resistance
 P - 2 potions of attraction {unknown}
 Q - a potion of magic {unknown}
 R - a potion of invisibility {unknown}
 S - a potion of berserk rage
Miscellaneous
 U - a lightning rod (4/4) {!a}
   (You found it on level 10 of the Dungeon)

Dungeon Overview and Level Annotations

Branches:
Dungeon (10/15)            Temple (1/1) D:6            Lair (0/6) D:8
    Orc (0/2) D:9          Bailey (visited)

Altars:
Ashenzari
Cheibriados
Dithmenos
Elyvilon
Fedhas
Gozag
Hepliaklqana
Kikubaaqudgha
Makhleb
Nemelex Xobeh
Okawaru
Qazlal
Ru
Sif Muna
Trog
Uskayaw
Vehumet
Wu Jian
Xom
Yredelemnul
Zin
The Shining One
Beogh

Shops:
D:2 :   D:4 =   D:5 :   D:6 ?

Annotations:
D:10 7 runed translucent doors, SHADDY's ghost, journeyman DEAE; jacek's ghost, novice DDCA

#÷#.##..........#
#.#.##..........#
####.#.##.......<..#
...(.#.# #+#......#
.....#.##.#........#
....##.##.......##.#
.......########.##.#######
.####..########..........#
.####...^.....#c@........##
..............ODl........>#
.#.##.......#.#..........##
............#.#.##########
.#......#####.#.###
.#............#...#
.#.##.........#...#
.#..'.....(...#...#
.#.##.........#...#


You could see a four-headed hydra, a centaur warrior (very poisoned), a
two-headed ogre and a basilisk (poisoned).


Message History

The centaur warrior kicks you but does no damage.
The centaur hits you but does no damage.
The centaur barely misses you.
The centaur warrior hits you but does no damage.
The centaur warrior kicks you but does no damage.
The centaur barely misses you.
The centaur kicks you but does no damage.
You slash the basilisk!
The basilisk is poisoned.
You hit the centaur but do no damage.
The centaur looks as sick as possible!
You hit the centaur warrior but do no damage.
The centaur warrior looks as sick as possible!
The centaur warrior hits you but does no damage.
You block the centaur warrior's attack.
The centaur hits you but does no damage.
The centaur closely misses you. The basilisk gazes at you.
You resist with some effort.
You barely miss the basilisk. You hit the centaur warrior.
The centaur warrior looks as sick as possible!
You hit the centaur.
You kill the centaur!
The centaur warrior completely misses you.
You block the centaur warrior's attack. The basilisk gazes at you.
You are slowing down.
You block the centaur warrior's attack.
The centaur warrior kicks you but does no damage.
You hit the centaur warrior.
The centaur warrior looks as sick as possible!
You barely miss the basilisk.
The sentinel's mark upon you fades away.
The centaur warrior hits you but does no damage.
The centaur warrior kicks you but does no damage.
The basilisk bites you!
* * * LOW HITPOINT WARNING * * *
The centaur warrior hits you!
* * * LOW HITPOINT WARNING * * *
The centaur warrior kicks you but does no damage.
The basilisk gazes at you. You resist with some effort.
Your limbs are stiffening.
Unknown command.
You hit the centaur warrior.
The centaur warrior looks as sick as possible!
You barely miss the basilisk. The centaur warrior hits you!
* * * LOW HITPOINT WARNING * * *
The centaur warrior kicks you but does no damage.
The centaur warrior hits you but does no damage.
The centaur warrior kicks you but does no damage.
You block the basilisk's attack.
The centaur warrior hits you but does no damage.
The centaur warrior kicks you but does no damage.
You have turned to stone.
The basilisk bites you but does no damage.
The centaur warrior hits you but does no damage.
The centaur warrior kicks you but does no damage.
The centaur warrior hits you but does no damage.
The centaur warrior kicks you but does no damage.
A four-headed hydra comes into view.
The basilisk bites you but does no damage.
The centaur warrior hits you but does no damage.
The centaur warrior kicks you but does no damage.
The basilisk bites you but does no damage.
The centaur warrior hits you!
* * * LOW HITPOINT WARNING * * *
The centaur warrior kicks you.
The centaur warrior hits you but does no damage.
The centaur warrior kicks you but does no damage.
A two-headed ogre comes into view. It is wielding two +0 giant clubs.
The basilisk bites you!
* * * LOW HITPOINT WARNING * * *
The centaur warrior hits you.
* * * LOW HITPOINT WARNING * * *
The centaur warrior kicks you but does no damage.
The centaur warrior hits you but does no damage.
The centaur warrior kicks you but does no damage.
The basilisk bites you!
* * * LOW HITPOINT WARNING * * *
The centaur warrior hits you but does no damage.
The centaur warrior kicks you but does no damage.
The basilisk bites you but does no damage.
The centaur warrior hits you but does no damage.
The centaur warrior kicks you but does no damage.
The basilisk gazes at you. You resist with some effort.
The centaur warrior hits you!
* * * LOW HITPOINT WARNING * * *
The centaur warrior kicks you.
* * * LOW HITPOINT WARNING * * *
The centaur warrior hits you but does no damage.
The centaur warrior kicks you but does no damage.
The basilisk bites you but does no damage.
The centaur warrior hits you but does no damage.
The centaur warrior kicks you but does no damage.
The four-headed hydra bites you.
* * * LOW HITPOINT WARNING * * *
The four-headed hydra bites you but does no damage. x3
The basilisk bites you!
* * * LOW HITPOINT WARNING * * *
The centaur warrior hits you.
You die...

Skill      XL: |  1  2  3  4  5  6  7  8  9 10 11 |
---------------+----------------------------------+-----
Armour         | 3 4 5 6 8 9 |  9.0
Shields        | 3 4 5 |  5.0
Maces & Flails | 3 4 5 6 8 9 10 | 10.5
Fighting       | 4 5 6 8 9 10 | 10.7

Action                   |  1- 3 |  4- 6 |  7- 9 | 10-12 || total
-------------------------+-------+-------+-------+-------++-------
Melee: Flail             |   117 |   137 |    21 |       ||   275
       Tailslap          |    12 |    13 |    26 |    84 ||   135
       Hand axe          |       |       |   109 |   389 ||   498
       Broad axe         |       |       |     5 |    38 ||    43
Throw: Dart              |       |    11 |     3 |       ||    14
Invok: Divine Shield     |       |       |     1 |     1 ||     2
 Abil: Rolling Charge    |       |       |       |     3 ||     3
Evoke: Wand              |       |       |       |     1 ||     1
  Use: Scroll            |       |       |       |     9 ||     9
       Potion            |       |       |       |     1 ||     1
Armor: Scale mail        |    69 |    25 |       |       ||    94
       Plate armour      |       |   103 |    84 |   283 ||   470
Dodge: Dodged            |    42 |    40 |    49 |   216 ||   347
Block: Buckler           |    23 |    21 |    33 |   115 ||   192

Levels and vault maps discovered:
D:1:      dpeg_arrival_round_a, layout_basic, serial_corexii_hall,
          corexii_hall_statues_deadend, corexii_hall_statues_x,
          ebering_ecumenical_altar_rust
D:2:      layout_rooms, serial_shops, nicolae_shop_competitors_out_of_business,
          serial_forest, infiniplex_forest_zigzag_2, infiniplex_forest_end_2,
          infiniplex_forest_straight_2, infiniplex_forest_lined_room_2,
          infiniplex_forest_corner_1, infiniplex_forest_corner_2,
          infiniplex_forest_end_1, uniq_sigmund, uniq_crazy_yiuf_cottage
D:3:      layout_rooms, lemuel_coloured_pillars_altar, minmay_misc_feat_tiny,
          uniq_natasha
D:4:      nicolae_BIG_FREAKIN_CUBE, layout_loops_ring, lemuel_round_altar,
          serial_shops, nicolae_shop_temple_entry_statues_fountains,
          columned_hall_lemuel
D:5:      black_bear_nest_2, layout_rooms,
          grunt_temple_overflow_growth_and_decay, serial_shops, shop,
          uniq_duvessa
D:6:      layout_rooms, nicolae_uskayaw_dance_studio,
          nicolae_dithmenos_shadow_blocks, nzn_wu_jian_contemplation,
          minmay_temple_entry_mist, serial_shops, nicolae_diamond_shop
D:7:      layout_basic
D:8:      layout_cave_pools, mainiacjoe_overflow_concentric_impassable,
          mainiacjoe_overflow_cross_hatched, lair_entry_dummy, enter_bailey_2,
          palyth_stone_intersect
D:9:      layout_loops_corners, grunt_temple_overflow_bloody_war, david_orc_5
D:10:     layout_basic, gammafunk_ghost_cemetery, small_statue_alley_a,
          minmay_hollow_rounded_squares, uniq_sonja, uniq_harold
Temple:   jpeg_temple_clearing

Notes
Turn   | Place    | Note
-------+----------+-------------------------------------------
     0 | D:1      | MalarOregon the Palentonga Fighter began the quest for the
                  | Orb.
     0 | D:1      | Reached XP level 1. HP: 19/19 MP: 1/1
   134 | D:1      | Reached XP level 2. HP: 22/25 MP: 2/2
   208 | D:1      | Found a faded altar of an unknown god.
   392 | D:1      | Reached XP level 3. HP: 19/31 MP: 3/3
  1120 | D:2      | Noticed Sigmund
  1153 | D:2      | Found Hoecseun's Book Shoppe.
  1294 | D:2      | You pick up a book of Party Tricks and begin reading...
  1294 | D:2      | You add the spells Apportation and Alistair's Intoxication
                  | to your library.
  1416 | D:1      | HP: 3/31 [gnoll/+0 flail (5)]
  2135 | D:2      | Reached XP level 4. HP: 37/37 MP: 4/4
  2161 | D:2      | Reached skill level 3 in Armour
  2321 | D:2      | Reached skill level 3 in Shields
  2584 | D:2      | Found a runed translucent door.
  2585 | D:2      | Noticed Crazy Yiuf
  2823 | D:3      | Noticed Natasha
  2832 | D:3      | Killed Natasha
  2833 | D:3      | Reached skill level 3 in Maces & Flails
  2945 | D:2      | Killed Sigmund
  2946 | D:2      | Reached skill level 4 in Fighting
  2946 | D:2      | Reached XP level 5. HP: 37/44 MP: 5/5
  2946 | D:2      | Reached XP level 6. HP: 43/51 MP: 6/6
  3151 | D:2      | Killed Crazy Yiuf
  3518 | D:3      | Found a glowing golden altar of the Shining One.
  3572 | D:3      | Became a worshipper of the Shining One
  3599 | D:3      | Noticed Natasha
  3608 | D:3      | Killed Natasha
  3659 | D:3      | Noticed Natasha
  3664 | D:3      | Killed Natasha
  3853 | D:4      | Reached skill level 4 in Maces & Flails
  4133 | D:4      | You pick up a book of Lightning and begin reading...
  4133 | D:4      | You add the spells Static Discharge, Lightning Bolt and
                  | Maxwell's Capacitive Coupling to your library.
  4139 | D:4      | Identified the +4 quarterstaff "Efrofak" {vorpal, +Blink
                  | Will+ Dex-4}
  4162 | D:4      | You pick up a book of Necromancy and begin reading...
  4162 | D:4      | You add the spells Pain, Animate Skeleton and Vampiric
                  | Draining to your library.
  4228 | D:4      | Found Hudyulum's Jewellery Emporium.
  4402 | D:4      | Found a stormy altar of Qazlal.
  4686 | D:5      | Entered Level 5 of the Dungeon
  4703 | D:5      | Reached skill level 4 in Armour
  4703 | D:5      | Gained mutation: You curl defensively after being hit. (AC
                  | +7*) [Palentonga growth]
  4703 | D:5      | Reached XP level 7. HP: 39/58 MP: 7/7
  4710 | D:5      | Reached skill level 4 in Shields
  4910 | D:5      | You fall into a shaft and drop 3 floors!
  4912 | D:8      | Noticed a wyvern
  4920 | D:8      | Killed a wyvern
  4921 | D:8      | Reached skill level 5 in Fighting
  4970 | D:8      | You pick up a book of Winter and begin reading...
  4970 | D:8      | You add the spells Ozocubu's Armour, Metabolic Englaciation
                  | and Simulacrum to your library.
  4982 | D:8      | Found a flagged portal.
  4993 | Bailey   | Entered a bailey
  5060 | Bailey   | Noticed a human
  5064 | Bailey   | Noticed a human
  5064 | Bailey   | Reached * piety under the Shining One
  5071 | Bailey   | Killed a human
  5072 | Bailey   | Reached skill level 5 in Maces & Flails
  5072 | Bailey   | Reached XP level 8. HP: 53/67 MP: 8/8
  5092 | Bailey   | Reached skill level 6 in Fighting
  5092 | Bailey   | Reached skill level 5 in Armour
  5172 | Bailey   | Reached skill level 5 in Shields
  5435 | Bailey   | Reached skill level 6 in Maces & Flails
  5582 | Bailey   | Noticed Prince Ribbit
  5582 | Bailey   | Noticed a vault guard
  5614 | Bailey   | Killed Prince Ribbit
  5615 | Bailey   | Reached XP level 9. HP: 65/75 MP: 9/9
  5625 | Bailey   | Killed a vault guard
  5626 | Bailey   | Reached skill level 7 in Fighting
  5626 | Bailey   | Reached skill level 7 in Maces & Flails
  5626 | Bailey   | Reached skill level 6 in Armour
  5820 | Bailey   | Noticed a vault guard
  5859 | Bailey   | Killed a vault guard
  5860 | Bailey   | Reached skill level 8 in Fighting
  6016 | D:8      | Noticed a troll
  6027 | D:8      | Killed a troll
  6179 | D:8      | Found a staircase to the Lair.
  6185 | D:8      | Reached skill level 8 in Maces & Flails
  6192 | D:8      | Found a broken altar of Ashenzari.
  6219 | D:8      | You pick up a book of the Sky and begin reading...
  6219 | D:8      | You add the spells Summon Lightning Spire and Storm Form to
                  | your library.
  6249 | D:8      | Reached XP level 10. HP: 84/86 MP: 10/10
  6254 | D:8      | Reached skill level 7 in Armour
  6496 | D:8      | Found a sparkling altar of Nemelex Xobeh.
  7512 | D:6      | HP: 19/87 [orc warrior/+0 glaive (5)]
  7823 | D:6      | Reached ** piety under the Shining One
  7851 | D:6      | Found a staircase to the Ecumenical Temple.
  7859 | D:6      | You add the spells Conjure Flame, Ignite Poison and Sticky
                  | Flame to your library.
  7875 | D:6      | Found Jufol's Magic Scroll Emporium.
  7883 | D:6      | Bought a scroll of fear for 45 gold pieces
  7883 | D:6      | Bought 3 scrolls of identify for 78 gold pieces
  7883 | D:6      | Bought a scroll of identify for 26 gold pieces
  7883 | D:6      | Bought a scroll of magic mapping for 45 gold pieces
  7883 | D:6      | Bought a scroll of identify for 26 gold pieces
  7984 | D:6      | Found an ornate altar of the Wu Jian Council.
  8154 | D:6      | Found a shadowy altar of Dithmenos.
  8179 | D:6      | Reached skill level 9 in Fighting
  8257 | D:6      | Found a hide-covered altar of Uskayaw.
  8597 | D:5      | Found Zudeheru's Book Emporium.
  8673 | D:5      | Found a blossoming altar of Fedhas.
  8676 | D:5      | Found an ancient bone altar of Kikubaaqudgha.
  8714 | D:5      | Noticed Duvessa
  8714 | D:5      | Noticed Dowan
  8720 | D:5      | Killed Duvessa
  8728 | D:5      | Killed Dowan
  8995 | D:5      | Reached skill level 9 in Maces & Flails
  9156 | Temple   | Entered the Ecumenical Temple
  9531 | D:9      | Found a staircase to the Orcish Mines.
  9560 | D:9      | HP: 22/88 [orc priest/divine providence (11)]
 10143 | D:9      | Noticed a manticore
 10153 | D:9      | Killed a manticore
 10154 | D:9      | Reached skill level 8 in Armour
 10511 | D:9      | Found a bloodstained altar of Trog.
 10511 | D:9      | Found an iron altar of Okawaru.
 10626 | D:10     | Entered Level 10 of the Dungeon
 10633 | D:10     | Reached *** piety under the Shining One
 10673 | D:10     | Reached XP level 11. HP: 43/96 MP: 11/11
 10686 | D:10     | Reached skill level 10 in Fighting
 10708 | D:10     | HP: 20/96 [yak (11)]
 11053 | D:10     | Noticed Harold
 11069 | D:10     | Killed Harold
 11070 | D:10     | Reached skill level 10 in Maces & Flails
 11445 | D:10     | Found a large runed translucent door.
 11446 | D:10     | Noticed Sonja
 11448 | D:10     | Found a large runed translucent door.
 11453 | D:10     | Killed Sonja
 11458 | D:10     | Found a runed translucent gate.
 11458 | D:10     | Noticed a centaur warrior
 11458 | D:10     | Noticed a skeletal warrior
 11459 | D:10     | Found a runed translucent gate.
 11460 | D:10     | Found a runed translucent gate.
 11461 | D:10     | Noticed jacek's ghost (novice DDCA)
 11461 | D:10     | Noticed SHADDY's ghost (journeyman DEAE)
 11471 | D:10     | Found a large runed translucent door.
 11471 | D:10     | Found a large runed translucent door.
 11483 | D:10     | Noticed a two-headed ogre
 11489 | D:10     | Killed a two-headed ogre
 11490 | D:10     | Reached skill level 9 in Armour
 11896 | D:10     | Noticed a centaur warrior
 11910 | D:10     | Noticed a four-headed hydra
 11912 | D:10     | Noticed a two-headed ogre
 11912 | D:10     | HP: 21/98 [basilisk (5)]
 11915 | D:10     | HP: 10/98 [centaur warrior (1)]
 11917 | D:10     | HP: 2/98 [basilisk (6)]
 11917 | D:10     | Slain by a centaur warrior

Vanquished Creatures
  2 vault guards (Bailey)
  Harold (D:10)
  A two-headed ogre (D:10)
  Sonja (D:10)
  A manticore (D:9)
  A kobold demonologist (D:10)
  A troll (D:8)
  Prince Ribbit (Bailey)
  Sigmund (D:2)
  A wyvern (D:8)
  15 yaks (D:10)
  6 humans (Bailey)
  A steam dragon (D:10)
  A water moccasin (D:8)
  Duvessa (D:5)
  7 orc warriors
  4 black bears
  5 centaurs
  2 necrophages
  2 kobold brigands
  4 bullfrogs
  Dowan (D:5)
  5 killer bees (D:7)
  10 wights
  4 howler monkeys
  A centaur zombie (D:8)
  A bullfrog zombie (D:6)
  A bullfrog skeleton (D:5)
  A gnoll shaman (D:9)
  2 jellies
  5 orc priests
  Crazy Yiuf (D:2)
  2 hounds
  2 centaur skeletons
  An iguana (D:5)
  Natasha (thrice) (D:3)
  10 orc wizards
  A howler monkey zombie (D:9)
  8 gnolls
  4 adders
  A howler monkey skeleton (D:7)
  A shadow imp (D:7)
  An ufetubus (D:5)
  3 worms
  8 dart slugs
  42 orcs
  2 ball pythons
  5 bats
  2 endoplasms
  4 giant cockroaches
  7 goblins
  11 hobgoblins
  5 jackals
  17 kobolds
  2 quokkas
  A frilled lizard (D:2)
  8 rats
242 creatures vanquished.

Vanquished Creatures (others)
  6 withered plants (D:10)
6 creatures vanquished.

Grand Total: 248 creatures vanquished

Table legend:
 A = Non-vault XP
 B = Vault XP
 C = Vault XP percentage of total XP
 D = Non-vault monster count
 E = Vault monster count
 F = Vault count percentage of total count
                 A         B        C        D         E       F
            +---------+---------+-------+---------+---------+-------
      Total |    9603 |    6945 |  42.0 |     188 |      54 |  22.3
            +---------+---------+-------+---------+---------+-------
        D:1 |      69 |       0 |   0.0 |      29 |       0 |   0.0
        D:2 |      63 |     278 |  81.5 |      18 |       2 |  10.0
        D:3 |     106 |      35 |  24.8 |      14 |       1 |   6.7
        D:4 |     166 |       0 |   0.0 |      18 |       0 |   0.0
        D:5 |     319 |     339 |  51.5 |      12 |       3 |  20.0
        D:6 |    1144 |     102 |   8.2 |      27 |       3 |  10.0
        D:7 |     718 |       0 |   0.0 |      12 |       0 |   0.0
        D:8 |    1372 |       0 |   0.0 |      22 |       0 |   0.0
        D:9 |    1011 |     754 |  42.7 |      13 |      22 |  62.9
       D:10 |    4635 |    1958 |  29.7 |      23 |       4 |  14.8
     Bailey |       0 |    3479 | 100.0 |       0 |      19 | 100.0
            +---------+---------+-------+---------+---------+-------

Illustrated notes

Table legend:
 A = Kills in this place as a percentage of kills in entire the game.
 B = Kills by you in this place as a percentage of kills by you in the entire game.
 C = Kills by friends in this place as a percentage of kills by friends in the entire game.
 D = Other kills in this place as a percentage of other kills in the entire game.
 E = Experience gained in this place as a percentage of experience gained in the entire game.
 F = Experience gained in this place divided by the number of levels of this place that you have seen.
                   A       B       C       D       E      F
               +-------+-------+-------+-------+-------+----------------------
         Total | 100.0 | 100.0 |   N/A |   N/A | 100.0 | 1379.0
       Dungeon |  92.1 |  92.1 |   N/A |   N/A |  79.0 | 1306.9
        Bailey |   7.9 |   7.9 |   N/A |   N/A |  21.0 | 3479.0
               +-------+-------+-------+-------+-------+----------------------

Table legend: (Time is in decaauts)
 A = Elapsed time spent in this place.
 B = Non-inter-level travel time spent in this place.
 C = Inter-level travel time spent in this place.
 D = Time resting spent in this place.
 E = Time spent auto-exploring this place.
 F = Levels seen in this place.
 G = Mean time per level.
                   A        B        C        D        E       F      G
               +--------+--------+--------+--------+--------+-----+--------+
         Total |  12046 |  11449 |    597 |   2237 |   7102 |  12 | 1003.8 |
       Dungeon |  10944 |  10359 |    585 |   1876 |   6604 |  10 | 1094.4 |
        Temple |     85 |     73 |     12 |      0 |     61 |   1 |   85.0 |
        Bailey |   1015 |   1015 |      0 |    361 |    437 |   1 | 1015.0 |
               +--------+--------+--------+--------+--------+-----+--------+

Top non-repeatable levels by time:
     D:1: 1823 daAuts
    D:10: 1296 daAuts
     D:9: 1294 daAuts
     D:2: 1259 daAuts
     D:6: 1020 daAuts
  Bailey: 1015 daAuts
     D:4: 908 daAuts
     D:5: 908 daAuts
     D:7: 855 daAuts
     D:8: 816 daAuts
     D:3: 761 daAuts
  Temple: 85 daAuts
